 Dungeon Crawl Stone Soup version 0.20-a0-540-ge6d1839 (webtiles) character file.

87 AlphabetPasta the Stinger (level 4, -1/30 HPs)
             Began as a Formicid Venom Mage on Jan 28, 2017.
             Slain by Ijyb (2 damage)
             ... on level 3 of the Dungeon on Jan 29, 2017.
             The game lasted 00:12:45 (2132 turns).

AlphabetPasta the Stinger (Formicid Venom Mage)     Turns: 2132, Time: 00:12:46

Health: -1/30      AC:  6    Str: 13    XL:     4   Next: 80%
Magic:  1/8        EV: 12    Int: 15    God:
Gold:   107        SH:  0    Dex: 11    Spells: 2/8 levels left

rFire    + . .     SeeInvis +   f - +0 club
rCold    + . .     Gourm    .   a - +0 robe
rNeg     . . .     Faith    .   (no shield)
rPois    +         Spirit   .   (helmet unavailable)
rElec    +         Reflect  .   o - +0 cloak
rCorr    +         Harm     .   (no gloves)
MR       .....                  n - +2 pair of boots
Stlth    ++........             (no amulet)
Regen    0.1/turn               (no ring)
                                p - ring of teleportation (curse)

@: resistant
A: permanent stasis, dig shafts and tunnels, four strong arms, antennae 3
a: Dig, Shaft Self


You were on level 3 of the Dungeon.
You were very hungry.

You visited 1 branch of the dungeon, and saw 3 of its levels.

You collected 107 gold pieces.

Inventory:

Hand Weapons
 f - a +0 club (weapon)
Armour
 a - a +0 robe (worn)
 n - a +2 pair of boots (worn)
 o - a +0 cloak (worn)
Jewellery
 p - a cursed ring of teleportation (left hand)
Wands
 m - a wand of iceblast (5/15)
Scrolls
 q - 4 scrolls of remove curse
Potions
 g - a potion of agility
 r - a potion of flight {unknown}
Books
 b - a Young Poisoner's Handbook

   Spells                             Type                      Level
   a - Sting                          Conjuration/Poison           1
   b - Poisonous Vapours              Poison/Air                   2
   c - Mephitic Cloud                 Conjuration/Poison/Air       3
   d - Olgreb's Toxic Radiance        Poison                       4
   e - Venom Bolt                     Conjuration/Poison           5
Comestibles
 c - 3 bread rations
 d - 4 chunks of flesh
 j - 3 royal jellies


   Skills:
 - Level 1.7 Dodging
 - Level 2.4 Stealth
 + Level 2.7 Spellcasting
 + Level 2.0 Conjurations
 * Level 5.7 Poison Magic


You had 2 spell levels left.
You knew the following spells:

 Your Spells              Type           Power        Failure   Level  Hunger
a - Sting                 Conj/Pois      ##..         4%          1    #......
b - Poisonous Vapours     Pois/Air       ##....       12%         2    ##.....
c - Mephitic Cloud        Conj/Pois/Air  #.......     24%         3    ###....


Dungeon Overview and Level Annotations

Branches:
Dungeon (3/15)

Altars:
Dithmenos

Annotations:
D:3 Ijyb


Innate Abilities, Weirdness & Mutations

You cannot be hasted, slowed, berserked, paralysed or teleported.
You can dig through walls and to a lower floor.
Your four strong arms can wield two-handed weapons with a shield.
You have a pair of large antennae on your head. (SInv)


Message History

Ijyb is almost dead.
Ijyb barely misses you.
Casting: Sting
Confirm with . or Enter, or press ? or * to list all spells.
Aiming: Sting
Press: ? - help, Shift-Dir - straight line, f/p - Ijyb
Aim: Ijyb, wearing a leather armour and carrying a wand of lightning (?/15) {empty} (almost dead)
The sting hits Ijyb.
Ijyb appears unharmed.
Ijyb is almost dead.
Ijyb barely misses you.
You hit Ijyb but do no damage.
Ijyb is almost dead.
Ijyb misses you.
Are you sure you want to shaft yourself?
You are feeling very hungry.
Ijyb hits you.
* * * LOW HITPOINT WARNING * * *
You begin to dig a shaft.
You continue digging a shaft.
Ijyb hits you.
You die...

#########
##########.......#
#...Sg@....#####.#
#...######### #.#
. { ##.## ##<..##
#.###.# #.# #.# {
#.###.# #....##
#.####


You could see Ijyb and an adder.

Vanquished Creatures
  3 adders (D:2)
  An ooze (D:2)
  2 dart slugs
  A leopard gecko (D:1)
  A ball python (D:2)
  3 giant cockroaches
  8 goblins
  5 hobgoblins
  2 jackals (D:2)
  3 kobolds (D:1)
  10 bats
  4 frilled lizards
  6 rats
49 creatures vanquished.

Notes
Turn   | Place    | Note
-------+----------+-------------------------------------------
     0 | D:1      | AlphabetPasta the Formicid Venom Mage began the quest for the Orb.
     0 | D:1      | Reached XP level 1. HP: 13/13 MP: 3/3
   307 | D:1      | Reached skill level 1 in Conjurations
   319 | D:1      | Reached XP level 2. HP: 12/19 MP: 0/5
   573 | D:1      | Learned a level 2 spell: Poisonous Vapours
   752 | D:1      | Reached XP level 3. HP: 24/24 MP: 3/6
  1110 | D:1      | Learned a level 3 spell: Mephitic Cloud
  1125 | D:2      | Upgraded the game from 0.20-a0-537-g052e6ba to 0.20-a0-540-ge6d1839
  1182 | D:2      | Reached skill level 5 in Poison Magic
  1313 | D:2      | Reached XP level 4. HP: 30/30 MP: 5/7
  1423 | D:2      | Found a shadowy altar of Dithmenos.
  1516 | D:2      | Found a faded altar of an unknown god.
  1942 | D:3      | Learned a level 3 spell: Mephitic Cloud
  2102 | D:3      | Noticed Ijyb
  2131 | D:3      | HP: 1/30 [Ijyb (3)]
  2132 | D:3      | Slain by Ijyb

Vault maps used:
D:1:      nagdon_arrival_double_spiral
D:2:      nicolae_dithmenos_shadow_blocks, chequers_ecumenical_altar_simple,
          first_bread, minivault_4
D:3:      uniq_iyjb

Skill      XL: |  1  2  3  4 |
---------------+-------------+-----
Conjurations   | 1 2 |  2.0
Poison Magic   | 5 |  5.7
Dodging        | |  1.7
Stealth        | |  2.4
Spellcasting   | |  2.7

Action                   |  1- 3 |  4- 6 || total
-------------------------+-------+-------++-------
Melee: Unarmed           |     6 |       ||     6
       Club              |    15 |    24 ||    39
 Cast: Sting             |    38 |    36 ||    74
       Poisonous Vapours |     9 |       ||     9
       Mephitic Cloud    |       |     1 ||     1
 Abil: Shaft Self        |       |     1 ||     1
  Use: Scroll            |     1 |     3 ||     4
       Potion            |       |     4 ||     4
 Stab: Sleeping          |     1 |       ||     1
  Eat: Chunk             |     3 |     2 ||     5
Armor: Robe              |     7 |     6 ||    13
Dodge: Dodged            |    26 |    19 ||    45
